 Dungeon Crawl Stone Soup version 0.29-a0-384-g6960b1960d (webtiles) character file.

Game seed: 18406444743504628712

24 klau3 the Grave Robber (level 2, 0/19 HPs)
             Began as a Demonspawn Necromancer on May 6, 2022.
             Succumbed to an adder's poison
             ... on level 2 of the Dungeon.
             The game lasted 00:06:53 (1428 turns).

klau3 the Grave Robber (Demonspawn Necromancer)     Turns: 1428, Time: 00:06:53

Health: 0/19       AC:  3    Str:  8    XL:     2   Next: 79%
Magic:  1/5        EV: 12    Int: 16    God:
Gold:   31         SH:  0    Dex: 13    Spells: 3/5 levels left

rFire   . . .      SeeInvis .   h - +0 long sword
rCold   . . .      Faith    .   (no shield)
rNeg    . . .      Spirit   .   a - +0 robe
rPois   .          Reflect  .   c - +0 helmet
rElec   .          Harm     .   (no cloak)
rCorr   .          Rampage  .   (no gloves)
Will    .....                   (no boots)
Stlth   ++........              (no amulet)
HPRegen 0.06/turn               (no ring)
MPRegen 0.09/turn               (no ring)

@: lethally poisoned (0 -> -2)
A: weakness stinger 1
a: no special abilities


You were on level 2 of the Dungeon.
You visited 1 branch of the dungeon, and saw 2 of its levels.

You collected 31 gold pieces.

Inventory:

Hand Weapons
 h - a +0 long sword (weapon)
 i - a +0 hunting sling
Armour
 a - a +0 robe (worn)
 c - a +0 helmet (worn)
Scrolls
 d - a scroll of identify {unknown}
 e - 2 scrolls of teleportation {unknown}
 f - a scroll of noise {unknown}
Potions
 b - a potion of magic
 g - a potion of degeneration {unknown}


   Skills:
 + Level 0.2 Fighting
 + Level 0.1 Long Blades
 + Level 1.9 Dodging
 + Level 1.9 Stealth
 + Level 2.2 Spellcasting
 + Level 5.0 Necromancy


You had 3 spell levels left.
You knew the following spells:

 Your Spells              Type           Power      Damage    Failure   Level
a - Pain                  Necr           68%        1d7       2%          1
b - Animate Skeleton      Necr           34%        N/A       2%          1

Your spell library contained the following spells:

 Spells                   Type           Power      Damage    Failure   Level
 Vampiric Draining        Necr           17%        2d7       8%          3
 Animate Dead             Necr           8%         N/A       26%         4
 Agony                    Necr           17%        N/A       56%         5


Dungeon Overview and Level Annotations

Branches:
Dungeon (2/15)

Altars:


Innate Abilities, Weirdness & Mutations

You have a small tail.


Message History

Aiming: Pain (safe; 2% risk of failure)
Press: ? - help, Q - select action, (/) - cycle Shift-Dir - straight line, f/p - adder
Aim: an adder (almost dead, chance to affect: 81%)
The adder writhes in agony.
The adder bites you.
You don't have enough magic to cast this spell.
You hit the adder but do no damage.
The adder is almost dead.
The adder barely misses you. x2
You completely miss the adder.
The adder is almost dead.
The adder closely misses you. The adder bites you but does no damage.
You barely miss the adder.
The adder is almost dead.
The adder bites you but does no damage. The adder closely misses you.
You barely miss the adder.
The adder is almost dead.
The adder closely misses you.
You barely miss the adder.
The adder is almost dead.
The adder closely misses you. The adder bites you but does no damage.
You miss the adder.
The adder is almost dead.
The adder closely misses you. x2
You barely miss the adder.
Your tail-slap misses the adder.
The adder is almost dead.
The adder closely misses you. The adder bites you.
You are poisoned.
The adder poisons you!
You closely miss the adder.
The adder is almost dead.
You feel sick. The adder barely misses you. The adder bites you.
* * * LOW HITPOINT WARNING * * *
You completely miss the adder.
The adder is almost dead.
* * * LOW HITPOINT WARNING * * *
You feel sick. The adder closely misses you.
You closely miss the adder. You tail-slap the adder.
You kill the adder!
You die...

#.# #.#
#.# #.#
#.# #.#
#†# #@#
#.#
#.####
#....#
####)#
#.#
###.#
##...##
#.....#


There were no monsters in sight!

Vanquished Creatures
  An adder (D:2)
  A dart slug (D:2)
  2 ball pythons (D:1)
  An endoplasm (D:1)
  2 giant cockroaches (D:1)
  A goblin (D:1)
  2 hobgoblins (D:1)
  A quokka (D:1)
  6 bats
  A frilled lizard (D:1)
  2 kobolds
  2 rats (D:1)
22 creatures vanquished.

Notes
Turn   | Place    | Note
-------+----------+-------------------------------------------
     0 | D:1      | klau3 the Demonspawn Necromancer began the quest for the
                  | Orb.
     0 | D:1      | Reached XP level 1. HP: 13/13 MP: 3/3
   646 | D:1      | Gained mutation: You have a small tail. [demonic ancestry]
   646 | D:1      | Reached XP level 2. HP: 14/19 MP: 0/5
   811 | D:1      | Learned a level 1 spell: Animate Skeleton
  1349 | D:2      | Reached skill level 5 in Necromancy
  1428 | D:2      | Succumbed to an adder's poison

Illustrated notes

Levels and vault maps discovered:
D:1:      mrwooster_arrival_statue_2, layout_loops_ring
D:2:      minmay_evil_eye, layout_loops_ring

Skill      XL: |  1  2 |
---------------+-------+-----
Necromancy     | 5 |  5.0
Fighting       | |  0.2
Long Blades    | |  0.1
Dodging        | |  1.9
Stealth        | |  1.9
Spellcasting   | |  2.2

Action                   || total
-------------------------++-------
Melee: Unarmed           ||    28
       Long sword        ||    13
       Tailslap          ||     1
 Cast: Pain              ||    42
Armor: Robe              ||    24
Dodge: Dodged            ||    54

Table legend: (Time is in decaauts)
 A = Elapsed time spent in this place.
 B = Non-inter-level travel time spent in this place.
 C = Inter-level travel time spent in this place.
 D = Time resting spent in this place.
 E = Time spent auto-exploring this place.
 F = Levels seen in this place.
 G = Mean time per level.
                   A        B        C        D        E       F      G
               +--------+--------+--------+--------+--------+-----+--------+
         Total |   1432 |   1390 |     42 |    619 |    242 |   2 |  716.0 |
       Dungeon |   1432 |   1390 |     42 |    619 |    242 |   2 |  716.0 |
               +--------+--------+--------+--------+--------+-----+--------+

Top non-repeatable levels by time:
     D:1: 1342 daAuts
     D:2: 89 daAuts
